 Dungeon Crawl Stone Soup version 0.30-a0-297-g0ec75d9ef4 (webtiles) character file.

Game seed: 17291938587977137621

318 Griffin23 the Covered (level 6, 0/55 HPs)
             Began as a Minotaur Fighter on Oct 19, 2022.
             Slain by Pikel
             ... wielding a +1 whip of freezing
              (2 damage)
             ... on level 5 of the Dungeon.
             The game lasted 00:10:04 (4320 turns).

Griffin23 the Covered (Minotaur Fighter)            Turns: 4320, Time: 00:10:04

Health: 0/55       AC: 11    Str: 22    XL:     6   Next: 21%
Magic:  5/5        EV:  7    Int:  5    God:
Gold:   155        SH:  4    Dex: 10    Spells: 5/5 levels left

rFire   . . .      SeeInvis .    a - +0 long sword
rCold   . . .      Faith    .    c - +0 buckler
rNeg    . . .      Spirit   .    p - +0 chain mail
rPois   .          Reflect  .    (helmet restricted)
rElec   .          Harm     .    (no cloak)
rCorr   .          Rampage  .    o - +0 pair of gloves
Will    .....                    (no boots)
Stlth   ..........               (no amulet)
HPRegen 0.29/turn                l - +4 ring of slaying
MPRegen 0.09/turn                (no ring)

@: no status effects
A: horns 2, retaliatory headbutt
a: no special abilities


You were on level 5 of the Dungeon.
You visited 1 branch of the dungeon, and saw 5 of its levels.

You collected 155 gold pieces.

Inventory:

Hand Weapons
 a - a +0 long sword (weapon)
Armour
 c - a +0 buckler (worn)
 o - a +0 pair of gloves (worn)
 p - a +0 chain mail (worn)
Jewellery
 l - a +4 ring of slaying (left hand)
 m - a +4 ring of slaying
 s - an amulet of faith
Scrolls
 b - a scroll of fear {unknown}
 f - 2 scrolls of vulnerability
 h - a scroll of immolation
 i - a scroll of identify
 j - a scroll of blinking {unknown}
 k - a scroll of torment
 q - a scroll of poison {unknown}
 r - 2 scrolls of enchant armour {unknown}
 t - a scroll of noise {unknown}
Potions
 d - 3 potions of might
 e - a potion of haste {unknown}
 g - a potion of attraction {unknown}
 n - 2 potions of curing {unknown}


   Skills:
 * Level 4.9 Fighting
 * Level 5.5 Long Blades
 * Level 5.5 Armour
 + Level 4.1 Shields


You had 5 spell levels left.
You didn't know any spells.
Your spell library contained the following spells:

 Spells                   Type           Power      Damage    Failure   Level
 Inner Flame              Hex/Fire       0%         N/A       100%        3
 Cause Fear               Hex            0%         N/A       100%        4
 Discord                  Hex            0%         N/A       100%        8


Dungeon Overview and Level Annotations

Branches:
Dungeon (5/15)
 Temple: D:4-7

Altars:
Elyvilon
Okawaru
Xom
Yredelemnul

Shops:
D:2 (

Annotations:
D:5 Pikel


Innate Abilities, Weirdness & Mutations

You have a pair of horns on your head.
You reflexively headbutt those who attack you in melee.


Message History

The lemure barely misses you.
You hit the lemure.
You headbutt the lemure, but do no damage.
The lemure is severely wounded.
The lemure hits you. You block the lemure's attack. The lemure hits you!
The lemure hits you but does no damage. x2
You hit the lemure but do no damage. Your headbutt misses the lemure.
Pikel zaps a wand.
You resist with some effort.
The now-empty wand crumbles to dust.
You block the lemure's attack. x2
The lemure barely misses you. The lemure attacks as you move away!
The lemure barely misses you. You furiously retaliate!
You headbutt the lemure! The lemure attacks as you move away!
The lemure hits you. The lemure attacks as you move away!
The lemure hits you but does no damage. Pikel attacks as you move away!
You block Pikel's attack.
There is a stone staircase leading down here.
The lemure hits you.
* * * LOW HITPOINT WARNING * * *
You climb downwards.
There is a stone staircase leading up here.
You are too injured to fight recklessly!
You closely miss Pikel. You headbutt Pikel!
Pikel is moderately wounded.
Pikel hits you but does no damage. The lemure hits you.
* * * LOW HITPOINT WARNING * * *
You barely miss Pikel. Your headbutt misses Pikel.
Pikel is moderately wounded.
Pikel hits you with a +1 whip of freezing.
* * * LOW HITPOINT WARNING * * *
Pikel freezes you.
* * * LOW HITPOINT WARNING * * *
You block the lemure's attack. Pikel attacks as you move away!
Pikel hits you with a +1 whip of freezing.
* * * LOW HITPOINT WARNING * * *
Pikel freezes you.
* * * LOW HITPOINT WARNING * * *
Pikel attacks as you move away!
Pikel hits you with a +1 whip of freezing.
You die...

#####
#...#
#...#
+...
#..#
#.<##
#.K5#
#..@#
#...#
#...+
#...#
#..##
#..#
#..
#..


You could see Pikel and a lemure.

Vanquished Creatures
  A black bear (D:3)
  A scorpion (D:4)
  A necrophage (D:3)
  3 adders
  A worm (D:2)
  3 dart slugs
  4 orcs (D:3)
  10 ball pythons
  3 bats
  6 endoplasms
  3 giant cockroaches
  11 goblins
  7 hobgoblins
  3 jackals (D:1)
  5 kobolds
  4 quokkas
  4 frilled lizards
  3 rats
73 creatures vanquished.

Notes
Turn   | Place    | Note
-------+----------+-------------------------------------------
     0 | D:1      | Griffin23 the Minotaur Fighter began the quest for the Orb.
     0 | D:1      | Reached XP level 1. HP: 19/19 MP: 0/0
   148 | D:1      | Reached XP level 2. HP: 24/27 MP: 1/1
   578 | D:1      | Reached XP level 3. HP: 27/33 MP: 2/2
  1297 | D:2      | Found a white marble altar of Elyvilon.
  1312 | D:2      | Found Luropeich's Antique Weapon Shoppe.
  2224 | D:3      | Noticed a necrophage
  2231 | D:3      | Killed a necrophage
  2232 | D:3      | Reached XP level 4. HP: 38/41 MP: 3/3
  2415 | D:3      | Found a faded altar of an unknown god.
  2422 | D:3      | Reached XP level 5. HP: 43/47 MP: 4/4
  2605 | D:3      | Found an iron altar of Okawaru.
  2617 | D:3      | Noticed a black bear
  2624 | D:3      | Killed a black bear
  2625 | D:3      | Reached skill level 5 in Long Blades
  2625 | D:3      | Reached skill level 5 in Armour
  3638 | D:4      | Found a shimmering altar of Xom.
  3722 | D:4      | Found a basalt altar of Yredelemnul.
  3739 | D:4      | Reached XP level 6. HP: 33/55 MP: 5/5
  3940 | D:4      | Noticed Pikel
  3977 | D:5      | Entered Level 5 of the Dungeon
  4318 | D:5      | HP: 2/55 [Pikel/+1 whip of freezing (1)]
  4320 | D:5      | Slain by Pikel

Illustrated notes

Levels and vault maps discovered:
D:1:      wander_arrival_peaceful_grave, layout_basic
D:2:      layout_loops_cross, basic_altar, serial_shops,
          nicolae_shop_statue_plus, hex_medium
D:3:      layout_basic, lemuel_doored_altar, nicolae_ecumenical_snake_handling
D:4:      layout_basic, mainiacjoe_overflow_swirl, lemuel_round_altar,
          serial_glass, glass_columns_c, glass_columns_a, uniq_pikel
D:5:      layout_gridville, elyvilon_altar_1, minmay_temple_entry_glass,
          uniq_grinder

Skill      XL: |  1  2  3  4  5 |
---------------+----------------+-----
Armour         | 4 5 |  5.5
Fighting       | 4 |  4.9
Long Blades    | 4 5 |  5.5
Shields        | 4 |  4.1

Action                   |  1- 3 |  4- 6 || total
-------------------------+-------+-------++-------
Melee: Long sword        |   107 |    81 ||   188
       Headbutt          |    14 |    14 ||    28
       Unarmed           |       |     5 ||     5
  Use: Scroll            |     3 |       ||     3
Armor: Scale mail        |    50 |    12 ||    62
       Chain mail        |       |    30 ||    30
Dodge: Dodged            |    35 |    32 ||    67
Block: Buckler           |    22 |    23 ||    45

Table legend: (Time is in decaauts)
 A = Elapsed time spent in this place.
 B = Non-inter-level travel time spent in this place.
 C = Inter-level travel time spent in this place.
 D = Time resting spent in this place.
 E = Time spent auto-exploring this place.
 F = Levels seen in this place.
 G = Mean time per level.
                   A        B        C        D        E       F      G
               +--------+--------+--------+--------+--------+-----+--------+
         Total |   4362 |   3674 |    688 |    321 |   2317 |   5 |  872.4 |
       Dungeon |   4362 |   3674 |    688 |    321 |   2317 |   5 |  872.4 |
               +--------+--------+--------+--------+--------+-----+--------+

Top non-repeatable levels by time:
     D:3: 1397 daAuts
     D:1: 1249 daAuts
     D:2: 1004 daAuts
     D:4: 383 daAuts
     D:5: 328 daAuts
